 Dungeon Crawl Stone Soup version 0.27.0-1-g7a089689b8 (webtiles) character file.

Game seed: 5596073228413224571

21950 karkarkar the Severer (level 12, -2/106 HPs)
             Began as a Minotaur Berserker on Aug 14, 2021.
             Was an Elder of Trog.
             Shot with an arrow by Nessos (18 damage)
             ... on level 2 of the Orcish Mines on Aug 15, 2021.
             The game lasted 00:50:32 (15526 turns).

karkarkar the Severer (Minotaur Berserker)         Turns: 15526, Time: 00:50:33

Health: -2/106     AC: 22    Str: 26    XL:     12   Next: 58%
Magic:  11/11      EV:  8    Int:  8    God:    Trog [****..]
Gold:   665        SH:  5    Dex: 11    Spells: 11/11 levels left

rFire    + + .     SeeInvis .   a - +2 battleaxe "Haroetweci" {holy, Int+4}
rCold    . . .     Faith    .   (shield currently unavailable)
rNeg     . . .     Spirit   .   L - +1 plate armour {rF+}
rPois    .         Reflect  +   (helmet restricted)
rElec    .         Harm     .   l - +0 cloak
rCorr    .         Rampage  .   r - +2 pair of gloves
Will     +++..                  k - +0 pair of boots
Stlth    ..........             H - amulet of reflection
HPRegen  1.27/turn              J - ring of protection from fire
MPRegen  0.12/turn              E - ring of willpower

@: about to teleport, strong-willed, regenerating, studying Shields
A: horns 2, retaliatory headbutt
a: Renounce Religion, Berserk, Trog's Hand, Brothers in Arms


You were on level 2 of the Orcish Mines.
You worshipped Trog.
Trog was greatly pleased with you.
You visited 3 branches of the dungeon, and saw 15 of its levels.
You also visited: Bailey.

You collected 993 gold pieces.
You spent 328 gold pieces at shops.

Inventory:

Hand Weapons
 a - the +2 battleaxe "Haroetweci" (weapon) {holy, Int+4}
   (You found it in a bailey)

   It has been blessed by the Shining One to cause great damage to the undead
   and demons.
   Int:       It affects your intelligence (+4).
 p - a +0 war axe
 t - a +1 long sword of flaming
 u - a +2 war axe
 A - a +1 vampiric war axe
Missiles
 D - 11 javelins
 N - 6 atropa-tipped darts (quivered)
Armour
 k - a +0 pair of boots (worn)
 l - a +0 cloak (worn)
 m - a +2 scale mail of poison resistance
 r - a +2 pair of gloves (worn)
 L - a +1 plate armour of fire resistance (worn)
Jewellery
 q - a +6 ring of intelligence
 E - a ring of willpower (right hand)
 H - an amulet of reflection (around neck)
 J - a ring of protection from fire (left hand)
 M - an amulet of the acrobat
 Q - an amulet of regeneration
Wands
 v - a wand of iceblast (4)
 y - a wand of digging (6)
 B - a wand of flame (12)
 I - a wand of paralysis (20)
Scrolls
 d - 3 scrolls of teleportation
 e - a scroll of torment
 f - 2 scrolls of fear
 s - a scroll of magic mapping
 x - 2 scrolls of immolation
 K - a scroll of acquirement
 O - a scroll of summoning {unknown}
 P - a scroll of vulnerability {unknown}
Potions
 c - 7 potions of curing
 g - a potion of might
 h - a potion of flight
 i - a potion of mutation {unknown}
 j - a potion of berserk rage {unknown}
 n - 2 potions of heal wounds
 o - 2 potions of lignification
 w - a potion of haste
 z - a potion of attraction {unknown}
 C - a potion of brilliance {unknown}
Miscellaneous
 G - a condenser vane


   Skills:
 + Level 10.1 Fighting
 - Level 0.9 Short Blades
 * Level 17.9(18.0) Axes
 - Level 3.4(12.5) Maces & Flails
 + Level 1.6 Throwing
 + Level 11.6 Armour
 + Level 3.2 Dodging
 - Level 0.2 Stealth
 + Level 3.5 Shields
 + Level 3.5 Evocations


You had 11 spell levels left.
You didn't know any spells.
Your spell library was empty.

Dungeon Overview and Level Annotations

Branches:
Dungeon (12/15)            Temple (1/1) D:7            Lair (0/6) D:11
    Orc (1/2) D:10            Elf (0/3) Orc:2        Bailey (visited)

Altars:
Ashenzari
Okawaru
Sif Muna
Trog
Uskayaw
Vehumet
Xom
Yredelemnul
Zin
Beogh

Shops:
D:1 =   D:11 (   Orc:2 [

Annotations:
D:6 1 runed translucent door, trckry's ghost, novice OgWr
Orc:2 Nessos


Innate Abilities, Weirdness & Mutations

You have a pair of horns on your head.
You reflexively headbutt those who attack you in melee.


Message History

Unknown command.
Okay, then.
As you read the scroll of teleportation, it crumbles to dust.
You feel strangely unstable.
Nessos shouts!
Nessos wields a +2 longbow of flaming.
It bursts into flame!
Nessos shoots an arrow.
The arrow hits you!!
* * * LOW HITPOINT WARNING * * *
You are poisoned.
Your ogre goes berserk!
You feel very sick.
Nessos gestures wildly while chanting.
Nessos seems to speed up.
Your skin crawls.
You feel strong-willed. Trog will no longer gift you weapons.
Your surroundings suddenly seem different.
You feel very sick.
You hear a shout!
You feel sick.
You hear a shout!
You feel sick.
You see here a +0 giant club.
You feel sick. The arrow hits your ogre!! The arrow burns your ogre!
An arrow appears from out of your range of vision.
The arrow hits your ogre! The arrow burns your ogre.
Your ogre dies!
Your ogre's corpse disappears in a puff of smoke!
Things that are here:
a +0 dagger; a +0 robe You feel sick.
You start resting.
You feel sick. x2
Nessos is nearby!
As you read the scroll of teleportation, it crumbles to dust.
You feel strangely unstable.
You feel sick.
You are no longer poisoned.
Nessos shouts!
Nessos intently looks at you, slowly moving their tail.
Nessos shoots an arrow.
The arrow hits you!!
You die...

*...................O.#..
*.....................#..
*#...........c..ยง..#.#...
*...#.............#####..
*#.*##.............# ##.
#** ##.#.).......## ##
####)).......#
##).).......#
#@.....).)..##
##.....).#...#
###..)..##.## #...)..####
#......# ##..#.## ######


You could see Nessos (fast).

Vanquished Creatures
  A boulder beetle (D:7)
  A centaur warrior (D:11)
  A two-headed ogre (D:10)
  A slime creature (D:12)
  Pikel (D:4)
  2 orc knights
  3 orc sorcerers
  A cyclops (D:11)
  A manticore (D:11)
  An ugly thing (D:8)
  3 centaur zombies
  2 gargoyles
  An unseen horror (D:12)
  A kobold demonologist (D:11)
  A komodo dragon (D:6)
  4 trolls
  A meliai zombie (D:11)
  5 wraiths
  18 yaks
  4 wyverns
  A shadow (D:6)
  Eustachio (D:9)
  Edmund (D:4)
  A basilisk (D:11)
  2 steam dragons (D:10)
  2 wargs
  2 vampire mosquitoes (D:11)
  3 water moccasins
  2 ice beasts
  21 orc warriors
  2 sky beasts (D:10)
  2 necrophages
  6 ogres
  2 black bears
  15 centaurs
  Blork the orc (D:9)
  A kobold brigand (D:9)
  3 bullfrogs (D:7)
  3 gnoll sergeants (D:9)
  2 scorpions
  A water moccasin skeleton (D:4)
  5 killer bees
  9 wights
  4 howler monkeys
  A hound (D:4)
  5 orc priests
  Crazy Yiuf (D:4)
  2 centaur skeletons (D:7)
  4 iguanas
  9 orc wizards
  A howler monkey zombie (D:9)
  6 gnolls
  7 adders
  A shadow imp (D:8)
  2 adder skeletons (D:4)
  6 dart slugs
  46 orcs
  5 endoplasms
  7 giant cockroaches
  15 goblins
  7 hobgoblins
  6 jackals
  11 kobolds
  3 quokkas
  6 ball pythons
  11 bats
  4 frilled lizards
  6 rats
317 creatures vanquished.

Vanquished Creatures (others)
  An unseen horror (D:11)
  A sky beast (D:10)
  An orc (Bailey)
  A bush (D:11)
  2 fungi
  17 plants
23 creatures vanquished.

Grand Total: 340 creatures vanquished

Notes
Turn   | Place    | Note
-------+----------+-------------------------------------------
     0 | D:1      | karkarkar the Minotaur Berserker began the quest for the
                  | Orb.
     0 | D:1      | Reached XP level 1. HP: 19/19 MP: 0/0
   326 | D:1      | Reached skill level 4 in Axes
   339 | D:1      | Reached XP level 2. HP: 24/27 MP: 1/1
   390 | D:1      | Found Adupussowa's Jewellery Emporium.
   444 | D:1      | You fall into a shaft and drop 1 floor!
   566 | D:2      | Reached XP level 3. HP: 33/33 MP: 2/2
   573 | D:2      | Reached ** piety under Trog
   821 | D:2      | Found a faded altar of an unknown god.
   842 | D:2      | Reached skill level 5 in Axes
  1034 | D:2      | Reached XP level 4. HP: 35/41 MP: 3/3
  2049 | D:3      | Reached *** piety under Trog
  2554 | D:4      | Reached skill level 6 in Axes
  2554 | D:4      | Reached XP level 5. HP: 43/47 MP: 4/4
  2786 | D:4      | Found a runed translucent door.
  2787 | D:4      | Noticed Crazy Yiuf
  2850 | D:4      | Reached XP level 6. HP: 36/55 MP: 5/5
  2856 | D:4      | Reached skill level 7 in Axes
  3213 | D:4      | Reached skill level 5 in Fighting
  3300 | D:4      | Found a glowing silver altar of Zin.
  3384 | D:4      | Found a bloodstained altar of Trog.
  3385 | D:4      | Found an iron altar of Okawaru.
  3427 | D:4      | Found a shimmering blue altar of Sif Muna.
  3493 | D:4      | Noticed Edmund
  3510 | D:4      | Killed Edmund
  3510 | D:4      | Noticed Pikel
  3511 | D:4      | Reached XP level 7. HP: 50/61 MP: 6/6
  3533 | D:4      | Killed Pikel
  3534 | D:4      | Reached skill level 9 in Axes
  3534 | D:4      | Reached skill level 5 in Armour
  3534 | D:4      | Reached XP level 8. HP: 47/70 MP: 7/7
  3836 | D:4      | Reached skill level 1 in Maces & Flails
  4246 | D:4      | Killed Crazy Yiuf
  4403 | D:5      | Entered Level 5 of the Dungeon
  4729 | D:5      | Reached skill level 1 in Evocations
  4988 | D:5      | Identified the +5 dagger "Undertaker" {flame, rF+}
  5052 | D:5      | Found a hide-covered altar of Uskayaw.
  5504 | D:6      | Found a broken altar of Ashenzari.
  5537 | D:6      | Reached skill level 10 in Axes
  5660 | D:6      | Found a runed translucent door.
  5663 | D:6      | Noticed trckry's ghost (novice OgWr)
  5708 | D:6      | Noticed a komodo dragon
  5718 | D:6      | Killed a komodo dragon
  5719 | D:6      | Reached XP level 9. HP: 54/78 MP: 2/8
  6620 | D:7      | Reached skill level 11 in Axes
  6642 | D:7      | Found a radiant altar of Vehumet.
  6794 | D:7      | Noticed a boulder beetle
  6867 | D:7      | Killed a boulder beetle
  7069 | D:7      | Reached skill level 12 in Axes
  7258 | D:7      | Found a staircase to the Ecumenical Temple.
  7709 | Temple   | Entered the Ecumenical Temple
  7777 | D:8      | Noticed a green ugly thing
  7785 | D:8      | Killed a green ugly thing
  7786 | D:8      | Reached XP level 10. HP: 41/86 MP: 3/9
  8825 | D:8      | Found a shimmering altar of Xom.
  9177 | D:9      | Found a basalt altar of Yredelemnul.
  9211 | D:9      | Found a flagged portal.
  9220 | D:9      | Reached skill level 13 in Axes
  9228 | Bailey   | Entered a bailey
  9824 | Bailey   | Reached **** piety under Trog
 10357 | Bailey   | Identified the +2 battleaxe "Haroetweci" {holy, Int+4}
 10456 | Bailey   | Acquired a ring of willpower
 10483 | D:9      | Noticed Eustachio
 10484 | D:9      | Noticed Blork the orc
 10659 | D:9      | Reached skill level 14 in Axes
 10946 | D:9      | Reached skill level 10 in Armour
 11003 | D:9      | Killed Blork the orc
 11013 | D:9      | Killed Eustachio
 11014 | D:9      | Reached XP level 11. HP: 37/95 MP: 10/10
 11663 | D:1      | Bought an amulet of reflection for 300 gold pieces
 11842 | D:10     | Entered Level 10 of the Dungeon
 12016 | D:10     | Found a staircase to the Orcish Mines.
 12430 | D:10     | Reached skill level 1 in Throwing
 12520 | D:10     | Reached skill level 15 in Axes
 12713 | Orc:1    | Entered Level 1 of the Orcish Mines
 12754 | Orc:1    | Noticed an orc knight
 12808 | D:10     | Noticed a two-headed ogre
 12813 | D:10     | Killed a two-headed ogre
 12979 | D:11     | Reached skill level 1 in Shields
 13032 | D:11     | Reached skill level 16 in Axes
 13482 | D:11     | Found a staircase to the Lair.
 13549 | D:11     | Found Meicoipp's Weapon Shoppe.
 13552 | D:11     | Bought 4 atropa-tipped darts for 28 gold pieces
 13884 | D:11     | Reached ***** piety under Trog
 13956 | D:11     | Noticed a centaur warrior
 13974 | D:11     | Killed a centaur warrior
 13975 | D:11     | Reached XP level 12. HP: 33/105 MP: 11/11
 14322 | D:11     | Reached skill level 17 in Axes
 14412 | D:12     | Identified the +4 chain mail of a ziggurat {Dex+6 Stlth-}
 14651 | D:12     | Noticed a death knight
 15026 | Orc:1    | You fall into a shaft and drop 1 floor!
 15026 | Orc:2    | Entered Level 2 of the Orcish Mines
 15132 | Orc:2    | Reached skill level 10 in Fighting
 15410 | Orc:2    | Found Huejuzokk's Antique Armour Shoppe.
 15515 | Orc:2    | Noticed Nessos
 15526 | Orc:2    | Shot with an arrow by Nessos

Illustrated notes

Levels and vault maps discovered:
D:1:      dpeg_arrival_round_a, layout_basic, serial_shops, shop_statue
D:2:      layout_loops_cross, hellmonk_ecumenical_altar_prayer_group,
          serial_park_tiny_pond, st_stairs_7, serial_bayou_pond_b,
          minmay_pentomino_v4
D:3:      layout_basic
D:4:      layout_layer_cave, lemuel_round_altar, mainiacjoe_overflow_24_doors,
          grunt_temple_overflow_bloody_war, kennysheep_generic_room_8,
          uniq_edmund, uniq_pikel, uniq_crazy_yiuf_cottage
D:5:      layout_loops_corners, nicolae_uskayaw_murder_on_the_dancefloor,
          minmay_misc_feat_doors, kennysheep_nub
D:6:      layout_basic, evilmike_ruin_ashenzari, ebering_ghost_reflecting_pool,
          minmay_ogre_servants
D:7:      layout_basic, mainiacjoe_overflow_cross_hatched,
          minmay_temple_entry_wispy, serial_rivers,
          chequers_serial_rivers_room_a, chequers_serial_rivers_room_b,
          chequers_serial_rivers_micro_d, chequers_serial_rivers_micro_c
D:8:      layout_basic, lemuel_coloured_pillars_altar, chequers_garden,
          chequers_jeans, st_stairs_8, hangedman_decor_push, minmay_manual_mail
D:9:      layout_roguey, nicolae_overflow_crystal_walls, enter_bailey_3,
          minmay_misc_feat_secret_circle, palyth_stone_intersect, sword_in_stone
D:10:     layout_rooms, minmay_orc_entry_temple_small, minmay_statues_item,
          hangedman_decor_lopped, hangedman_misty_isle
D:11:     layout_rooms, minmay_lair_entry_grove, serial_shops, kennysheep_mini,
          kennysheep_generic_room_6
D:12:     cheibrodos_tormentor_scu, layout_loops_ring,
          minmay_misc_feat_four_crosses, statue_in_the_mist_lemuel
Temple:   nicolae_temple_figure_eight
Orc:1:    layout_caves, led_sif_book, uniq_maurice
Orc:2:    grunt_orc_gardens, layout_diamond_mine, grunt_orc_garden,
          grunt_orc_garden, grunt_orc_garden, grunt_orc_garden,
          gauntlet_entry_generic, rock_pile, uniq_nessos, uniq_donald

Skill      XL: |  1  2  3  4  5  6  7  8  9 10 11 12 |
---------------+-------------------------------------+-----
Axes           | 4 5 6 7 9 10 12 14 16 17 | 17.9
Fighting       | 4 5 6 7 8 9 10 | 10.1
Armour         | 3 4 5 7 8 10 11 | 11.6
Maces & Flails | 3 |  3.4
Evocations     | 1 2 3 |  3.5
Dodging        | 3 |  3.2
Throwing       | 1 |  1.6
Shields        | 2 3 |  3.5
Short Blades   | |  0.9
Stealth        | |  0.2

Action                   |  1- 3 |  4- 6 |  7- 9 | 10-12 || total
-------------------------+-------+-------+-------+-------++-------
Melee: Hand axe          |    80 |   113 |    18 |       ||   211
       Headbutt          |    10 |    27 |    26 |    97 ||   160
       Dire flail        |       |       |    32 |       ||    32
       Dagger            |       |       |    28 |       ||    28
       Battleaxe         |       |       |    71 |   509 ||   580
Throw: Javelin           |       |       |       |    29 ||    29
       Dart              |       |       |       |     5 ||     5
Invok: Trog's Hand       |     1 |     4 |    10 |    14 ||    29
       Brothers in Arms  |       |       |       |     1 ||     1
Evoke: Wand              |       |     3 |    21 |    14 ||    38
  Use: Scroll            |     1 |     5 |     2 |    11 ||    19
       Potion            |       |       |       |     5 ||     5
Armor: Scale mail        |    15 |       |       |     8 ||    23
       Plate armour      |    41 |    65 |    83 |   426 ||   615
Dodge: Dodged            |    47 |    52 |    63 |   257 ||   419
Block: Other             |       |       |       |    67 ||    67
       Reflection        |       |       |       |     5 ||     5
